 Dungeon Crawl Stone Soup version 0.18-a0-1126-ga2d7f46 (webtiles) character file.

1284 M4edhros the Sneak (level 8, 0/51 HPs)
             Began as an Octopode Artificer on Jan 20, 2016.
             Was a Priest of Fedhas.
             Slain by a sky beast (6 damage)
             ... on level 7 of the Dungeon.
             The game lasted 00:12:16 (7239 turns).

M4edhros the Sneak (Octopode Artificer)             Turns: 7239, Time: 00:12:17

Health: 0/51       AC:  1    Str: 11    XL:     8   Next: 55%
Magic:  20/20      EV: 10    Int: 14    God:    Fedhas [***...]
Gold:   487        SH: 13    Dex: 14    Spells: 0 memorised, 7 levels left

rFire  . . .     SeeInvis .     w - +1 hunting sling
rCold  + . .     Gourm    .     v - +0 large shield
rNeg   . . .     Faith    .     (helmet restricted)
rPois  .         Spirit   .     h - amulet of dismissal
rElec  .         Dismiss  +     y - ring of protection from magic
rCorr  .         Reflect  .     E - ring of magical power
SustAt .         Harm     .     G - ring of wizardry
MR     +....     Rnd*Tele +     u - ring of wizardry
Stlth  ++++......               (no ring)
                                (no ring)
                                (no ring)
                                (no ring)

@: somewhat resistant to hostile enchantments, stealthy
A: almost no armour, amphibious, 8 rings, constrict 8, tentacle spike 1,
camouflage 1, agile 1, cold resistance 1, dopey 1, teleportitis 1, gelatinous
body 1, subdued magic 1
a: Evolution, Sunlight, Growth, Renounce Religion


You were on level 7 of the Dungeon.
You worshipped Fedhas.
Fedhas was most pleased with you.
You were not hungry.

You visited 1 branch of the dungeon, and saw 7 of its levels.
You also visited: Ossuary.

You collected 524 gold pieces.
You spent 37 gold pieces at shops.

Inventory:

Hand Weapons
 a - a +0 short sword
 w - a +1 hunting sling (weapon)
 B - a +0 whip of draining
Missiles
 k - 89 stones
 o - 22 sling bullets (quivered)
 I - 2 throwing nets
Armour
 v - a +0 large shield (worn)
Magical Staves
 j - an uncursed staff of conjuration
Jewellery
 h - an amulet of dismissal (around mantle)
 u - a ring of wizardry (on tentacle)
 y - a ring of protection from magic (left tentacle)
 E - a ring of magical power (right tentacle)
 G - a ring of wizardry (on tentacle)
Wands
 b - a wand of flame (8/48)
 c - a wand of enslavement (11/24)
 d - a wand of random effects (11/48)
 i - a wand of frost (25/48)
 l - a wand of fire (8/15)
Scrolls
 n - 2 scrolls of fear
 p - a scroll of teleportation
 r - a scroll of immolation
 t - 5 scrolls of remove curse
 x - 3 scrolls of amnesia
 H - a scroll of fog
Potions
 z - a potion of magic
 A - a potion of haste
Books
 g - a book of Callings

   Spells                             Type                      Level
   a - Summon Small Mammal            Summoning                    1
   b - Call Imp                       Summoning                    2
   c - Call Canine Familiar           Summoning                    3
   d - Summon Guardian Golem          Hexes/Summoning              3
   e - Summon Lightning Spire         Summoning/Air                4
   f - Summon Ice Beast               Ice/Summoning                4
Comestibles
 f - 3 bread rations
 s - 11 fruits


   Skills:
 - Level 2.8 Fighting
 - Level 1.0 Short Blades
 + Level 3.4 Slings
 - Level 4.2 Dodging
 + Level 5.6 Stealth
 * Level 4.6 Shields
 + Level 3.7 Invocations
 + Level 5.0 Evocations


You had 7 spell levels left.
You didn't know any spells.

Dungeon Overview and Level Annotations

Branches:
Dungeon (7/15)             Temple (0/1) D:7

Altars:
Fedhas
Makhleb
Pakellas
Trog
Zin

Shops:
D:6 !

Annotations:
D:7 Pikel


Innate Abilities, Weirdness & Mutations

You cannot wear most types of armour.
You are amphibious.
You can wear up to eight rings at the same time.
You can use your tentacles to constrict eight enemies at once.
Your skin changes colour to match your surroundings (Stealth).
Your rubbery body absorbs attacks (AC +1).
One of your tentacles bears a spike.
You are agile. (Dex +2)
Your flesh is cold resistant.
You are dopey. (Int -2)
You are occasionally teleported next to monsters.
Your spells are a little easier to cast, but a little less powerful.


Message History

Your wandering mushroom releases spores at something!
A sky beast appears from thin air!
Reactivating autopickup.
You block the sky beast's attack.
Evoke which item? (* to show all) (? for menu, Esc to quit)
Zapping:
l - a wand of fire {zapped: 2} (will waste charges)
Press: ? - help, Shift-Dir - straight line, f - sky beast
Aim: a sky beast (rain, heavily wounded)
The bolt of fire misses the sky beast.
Evoking this partially-identified wand wasted a few charges.
Your skill with magical items lets you calculate the power of this device...
This wand has 8 charges left.
Your wandering mushroom completely misses the sky beast.
The sky beast flickers out of sight!
Deactivating autopickup; reactivate with Ctrl-A.
Something hits you.
* * * LOW HITPOINT WARNING * * *
Something shocks you.
You die...
Fedhas appreciates your contribution to the ecosystem.

#.# #.#(# #.####.#.#
#......... ######.#.#
#.#.# ####### ### #.#.#
####### #.### #.#.#
##⌠.⌠####f..########.#.#
##.>.'÷@{...(.(...##.#.#
##⌠.⌠####.#.#####.##.#.#
####### #.#.# #.# #.#
###.### #.#.#####.##.#.#
#. #.#K#..........# #.
#.#(#.#.#.###### #
#.#.#.#.#.#
###.#...pp#.#
........p...#


You could see a friendly wandering mushroom.

Vanquished Creatures
  A sky beast (D:7)
  A slave (D:7)
  An ogre (D:4)
  A water moccasin skeleton (D:6)
  2 giant frog skeletons
  A centaur skeleton (D:6)
  An orc priest (D:5)
  A hound (D:4)
  3 worker ants
  3 big kobold skeletons (Ossuary)
  A hound skeleton (D:4)
  3 mummies
  4 gnolls
  7 adders
  A shadow imp (D:5)
  An ooze (D:2)
  An adder skeleton (D:7)
  3 worms
  8 giant geckos
  14 orcs
  9 giant cockroaches
  5 goblins
  3 hobgoblins
  5 jackals
  2 quokkas
  3 ball pythons
  7 bats
  3 giant newts
  3 gnoll skeletons (Ossuary)
  2 goblin skeletons (Ossuary)
  2 hobgoblin skeletons (Ossuary)
  9 kobolds
  3 orc skeletons (Ossuary)
  An orc zombie (Ossuary)
  8 rats
123 creatures vanquished.

Vanquished Creatures (collateral kills)
  The ghost of tasslehoff34 the Skirmisher, a novice DsCK of Xom (D:6)
  A slave (D:7)
  A centaur (D:5)
  A gnoll sergeant (D:5)
  Dowan (D:7)
  A scorpion (D:7)
  A crimson imp (D:5)
  A jelly (D:6)
  An orc priest (D:6)
  An orc wizard (D:4)
  3 worker ants
  4 gnolls (D:5)
  A shadow imp (D:6)
  2 adder skeletons (D:5)
  6 orcs
  A giant cockroach (D:4)
  2 jackals (D:5)
  A giant gecko skeleton (D:5)
30 creatures vanquished.

Vanquished Creatures (others)
  4 wandering mushrooms
  A worker ant zombie (D:5)
  101 toadstools
106 creatures vanquished.

Grand Total: 259 creatures vanquished

Notes
Turn   | Place    | Note
--------------------------------------------------------------
     0 | D:1      | M4edhros the Octopode Artificer began the quest for the Orb.
     0 | D:1      | Reached XP level 1. HP: 13/13 MP: 3/3
    73 | D:1      | Reached XP level 2. HP: 11/18 MP: 4/4
   332 | D:2      | Reached XP level 3. HP: 1/23 MP: 5/5
   956 | D:3      | Found a blossoming altar of Fedhas.
   967 | D:3      | Noticed an oklob plant
   974 | D:3      | Became a worshipper of Fedhas Madash
  1244 | D:3      | Found an oddly glowing altar of Pakellas.
  1296 | D:3      | Found a burning altar of Makhleb.
  1296 | D:3      | Found a glowing silver altar of Zin.
  1651 | D:2      | Reached XP level 4. HP: 19/28 MP: 6/6
  1929 | D:2      | Reached * piety under Fedhas
  2320 | D:2      | Reached skill level 1 in Slings
  2347 | D:2      | Reached skill level 1 in Shields
  2355 | D:2      | Reached skill level 1 in Invocations
  2355 | D:2      | Reached XP level 5. HP: 11/33 MP: 7/7
  2836 | D:3      | Reached skill level 4 in Stealth
  2957 | D:3      | Noticed an angel
  2957 | D:3      | Noticed a green death
  3266 | D:4      | Noticed an ogre
  3278 | D:4      | Killed an ogre
  3278 | D:4      | Reached XP level 6. HP: 31/38 MP: 7/9
  3423 | D:4      | Reached ** piety under Fedhas
  3960 | D:5      | Entered Level 5 of the Dungeon
  4619 | D:5      | Reached XP level 7. HP: 39/44 MP: 10/10
  4757 | D:5      | Found a bloodstained altar of Trog.
  5476 | D:6      | Noticed tasslehoff34's ghost (novice DsCK)
  5485 | D:6      | Killed tasslehoff34's ghost
  5485 | D:6      | Reached skill level 5 in Stealth
  5485 | D:6      | Reached XP level 8. HP: 26/51 MP: 11/11
  5538 | D:6      | Found Feinkesa's Distillery.
  5546 | D:6      | Bought a potion of mutation for 37 gold pieces
  5546 | D:6      | Gained mutation: You are agile. (Dex +2) [potion of mutation]
  5546 | D:6      | Gained mutation: You are occasionally teleported next to monsters. [potion of mutation]
  5567 | D:6      | Found a sand-covered staircase.
  5635 | Ossuary  | Entered an ossuary
  5646 | Ossuary  | Reached *** piety under Fedhas
  6968 | D:7      | Noticed Dowan
  6978 | D:7      | Killed Dowan
  6999 | D:7      | Gained mutation: Your flesh is cold resistant. [mutagenic meat]
  7000 | D:7      | Gained mutation: One of your tentacles bears a spike. [mutagenic meat]
  7001 | D:7      | Gained mutation: Your spells are a little easier to cast, but a little less powerful. [mutagenic meat]
  7002 | D:7      | Gained mutation: You are dopey. (Int -2) [mutagenic meat]
  7068 | D:7      | Reached skill level 5 in Evocations
  7160 | D:7      | Noticed Pikel
  7205 | D:7      | Found a staircase to the Ecumenical Temple.
  7239 | D:7      | Slain by a sky beast

Vault maps used:
D:1:      sevenhm_arrival_forest_fort_small_4
D:2:      bh_walls_and_bars
D:3:      grunt_temple_overflow_order_and_chaos_2, grunt_pakellas_salt,
          tgw_fedhas
D:4:      first_bread
D:5:      lemuel_doored_altar
D:6:      serial_shops, nicolae_shop_statue_plus, gup_ossuary_entry_pyramid,
          lemuel_flame_loot_1
D:7:      temple_doors_c, uniq_pikel, uniq_crazy_yiuf_cottage, uniq_duvessa
Ossuary:  minmay_ossuary_gauntlet

Action                   |  1- 3 |  4- 6 |  7- 9 || total
-------------------------+-------+-------+-------++-------
Melee: Short sword       |    68 |    26 |       ||    94
       Whip              |       |    99 |    32 ||   131
 Fire: Hunting sling     |       |       |   209 ||   209
Invok: Evolution         |       |     2 |     4 ||     6
       Sunlight          |       |       |     2 ||     2
Evoke: Wand              |     1 |    11 |     5 ||    17
  Use: Potion            |       |       |    12 ||    12
       Scroll            |       |       |    10 ||    10
 Stab: Sleeping          |    12 |    13 |     2 ||    27
       Distracted        |     1 |       |       ||     1
  Eat: Meat ration       |     1 |     1 |       ||     2
       Royal jelly       |       |       |     2 ||     2
       Beef jerky        |       |       |     1 ||     1
       Chunk             |       |       |     5 ||     5
       Bread ration      |       |       |     1 ||     1
